 Dungeon Crawl Stone Soup version 0.20-a0-823-gdec668e (webtiles) character file.

91 Amciq the Skirmisher (level 4, 0/41 HPs)
             Began as a Hill Orc Fighter on Mar 5, 2017.
             Slain by Geoffrax's ghost (10 damage)
             ... on level 3 of the Dungeon.
             The game lasted 00:03:42 (1756 turns).

Amciq the Skirmisher (Hill Orc Fighter)             Turns: 1756, Time: 00:03:42

Health: 0/41       AC:  7    Str: 24    XL:     4   Next: 59%
Magic:  4/4        EV:  7    Int:  8    God:
Gold:   142        SH:  9    Dex: 10    Spells: 3/3 levels left

rFire    . . .     SeeInvis .   a - +0 war axe
rCold    . . .     Gourm    +   b - +0 scale mail
rNeg     . . .     Faith    .   c - +0 shield
rPois    .         Spirit   .   (no helmet)
rElec    .         Reflect  .   (no cloak)
rCorr    +         Harm     .   (no gloves)
MR       .....                  (no boots)
Stlth    ..........             q - amulet of the gourmand
Regen    0.2/turn               (no ring)
MPRegen  0.1/turn               n - ring of resist corrosion

@: mighty
A: no striking features
a: no special abilities


You were on level 3 of the Dungeon.
You were not hungry.

You visited 1 branch of the dungeon, and saw 3 of its levels.

You collected 142 gold pieces.

Inventory:

Hand Weapons
 a - a +0 war axe (weapon)
Armour
 b - a +0 scale mail (worn)
 c - a +0 shield (worn)
Jewellery
 n - a ring of resist corrosion (left hand)
 q - an amulet of the gourmand (around neck)
Scrolls
 e - a scroll of identify {unknown}
 h - 2 scrolls of blinking {unknown}
 k - a scroll of remove curse {unknown}
 l - a scroll of teleportation {unknown}
 m - a scroll of noise {unknown}
 o - a scroll of immolation {unknown}
Potions
 d - 2 potions of might
 g - a potion of brilliance {unknown}
 p - a potion of heal wounds {unknown}
 r - a potion of degeneration {unknown}
Comestibles
 f - a bread ration
 i - a meat ration
 j - 2 royal jellies
 s - 2 chunks of flesh


   Skills:
 + Level 4.3 Fighting
 + Level 3.9 Axes
 + Level 4.0 Armour
 + Level 4.1 Shields


You had 3 spell levels left.
You didn't know any spells.

Dungeon Overview and Level Annotations

Branches:
Dungeon (3/15)

Altars:
Dithmenos

Annotations:
D:3 Geoffrax's ghost, amateur DgGl


Message History

Geoffrax's ghost is moderately damaged.
Geoffrax's ghost closely misses you. You block Geoffrax's ghost's attack.
You hit Geoffrax's ghost.
Geoffrax's ghost is moderately damaged.
You block Geoffrax's ghost's attack.
You miss Geoffrax's ghost.
Geoffrax's ghost is moderately damaged.
Geoffrax's ghost hits you.
You slash Geoffrax's ghost!
Geoffrax's ghost is heavily damaged.
Geoffrax's ghost hits you!
* * * LOW HITPOINT WARNING * * *
You block Geoffrax's ghost's attack.
You feel very mighty all of a sudden. Geoffrax's ghost hits you.
* * * LOW HITPOINT WARNING * * *
You closely miss Geoffrax's ghost.
Geoffrax's ghost is heavily damaged.
Geoffrax's ghost hits you!
You die...

##...###..>#.. ....###
##..#....###.# .......
......### #.# .......##
###..## ##.#
........######..#####...
......................##
........#######...######
..........((............
......W@.(..÷...........
≈≈....)≈≈≈≈≈≈≈≈≈≈≈≈≈≈≈≈≈
≈≈....≈≈≈≈≈≈≈≈≈≈≈≈≈≈≈≈≈≈
≈≈....≈≈≈≈≈≈≈≈≈≈≈≈≈≈≈≈≈≈
≈≈....≈≈≈≈≈≈≈≈≈≈≈≈≈≈≈≈≈≈
###''###################
#... #...


You could see Geoffrax's ghost.

Vanquished Creatures
  A gnoll (D:1)
  3 adders
  2 worms (D:2)
  A leopard gecko (D:1)
  2 giant cockroaches
  12 goblins
  3 hobgoblins
  A quokka (D:2)
  5 bats
  2 frilled lizards (D:2)
  6 kobolds
  9 rats
47 creatures vanquished.

Notes
Turn   | Place    | Note
-------+----------+-------------------------------------------
     0 | D:1      | Amciq the Hill Orc Fighter began the quest for the Orb.
     0 | D:1      | Reached XP level 1. HP: 19/19 MP: 1/1
   127 | D:1      | Reached XP level 2. HP: 26/26 MP: 2/2
   167 | D:1      | Reached XP level 3. HP: 5/33 MP: 3/3
   844 | D:2      | Found a shadowy altar of Dithmenos.
  1204 | D:2      | Reached XP level 4. HP: 23/40 MP: 4/4
  1740 | D:3      | Noticed Geoffrax's ghost (amateur DgGl)
  1756 | D:3      | Slain by Geoffrax's ghost

Vault maps used:
D:1:      lightli_iron_boxes
D:2:      grunt_dithmenos_smoke, st_stairs_8
D:3:      minmay_goblin_kobold_castle, nicolae_overflow_crystal_walls

Skill      XL: |  1  2  3  4 |
---------------+-------------+-----
Axes           | 3 |  3.9
Fighting       | 4 |  4.3
Shields        | 4 |  4.1
Armour         | 4 |  4.0

Action                   |  1- 3 |  4- 6 || total
-------------------------+-------+-------++-------
Melee: War axe           |   137 |    39 ||   176
  Use: Potion            |       |     1 ||     1
  Eat: Chunk             |     1 |     2 ||     3
Armor: Scale mail        |    56 |     9 ||    65
Dodge: Dodged            |    45 |    11 ||    56
Block: Shield            |    75 |    26 ||   101
